 Dungeon Crawl Stone Soup version 0.21-a0-634-gaf8bc5d (webtiles) character file.

102 Firecrotchwizard the Shield-Bearer (level 4, -4/29 HPs)
             Began as a Gargoyle Fighter on Dec 29, 2017.
             Slain by Sigmund
             ... wielding a +0 scythe
              (10 damage)
             ... on level 2 of the Dungeon.
             The game lasted 00:03:31 (1892 turns).

Firecrotchwizard the Shield-Bearer (GrFi)           Turns: 1892, Time: 00:03:31

Health: -4/29      AC: 11    Str: 20    XL:     4   Next: 77%
Magic:  4/4        EV:  7    Int:  8    God:
Gold:   135        SH:  0    Dex: 10    Spells: 3/3 levels left

rFire    . . .     SeeInvis .   a - +0 flail
rCold    . . .     Gourm    .   c - +0 shield
rNeg     + . .     Faith    .   b - +0 scale mail
rPois    ∞         Spirit   .   m - +0 helmet
rElec    +         Reflect  .   (no cloak)
rCorr    .         Harm     .   (no gloves)
MR       .....                  (no boots)
Stlth    ..........             (no amulet)
HPRegen  0.09/turn              (no ring)
MPRegen  0.09/turn              (no ring)

@: confused
A: negative energy resistance 1, electricity resistance, unbreathing,
petrification resistance, rot immunity, AC +3
a: no special abilities


You were on level 2 of the Dungeon.
You were not hungry.

You visited 1 branch of the dungeon, and saw 2 of its levels.

You collected 135 gold pieces.

Inventory:

Hand Weapons
 a - a +0 flail (weapon)
Missiles
 h - 18 stones (quivered)
Armour
 b - a +0 scale mail (worn)
 c - a +0 shield (worn)
 m - a +0 helmet (worn)
   (You took it off Robin on level 1 of the Dungeon)
Jewellery
 e - an uncursed ring of see invisible {unknown}
   (You found it on level 1 of the Dungeon)
Wands
 n - a wand of digging (3)
   (You took it off Robin on level 1 of the Dungeon)
Scrolls
 g - a scroll of magic mapping {unknown}
 i - a scroll of fear {unknown}
 j - 2 scrolls of identify {unknown}
Potions
 d - a potion of might
 k - a potion of curing {unknown}
 o - 2 potions of mutation {unknown}
 p - 2 potions of flight {unknown}
 q - a potion of cancellation {unknown}
Comestibles
 f - 4 rations {@e1}
 l - 2 chunks of flesh {@w0}


   Skills:
 + Level 3.9 Fighting
 * Level 3.3 Maces & Flails
 + Level 3.9 Armour
 + Level 3.9 Shields


You had 3 spell levels left.
You didn't know any spells.

Dungeon Overview and Level Annotations

Branches:
Dungeon (2/15)

Altars:
Nemelex Xobeh
Ru

Annotations:
D:2 1 runed door, Sigmund


Innate Abilities, Weirdness & Mutations

You are resistant to torment.
Your stone body is resilient. (AC +3)
You are immune to poison.
You resist negative energy. (rN+)
You are resistant to electric shocks. (rElec)
You can survive without breathing.
You are immune to petrification.
You are immune to rotting.


Message History

The stone hits the worm but does no damage.
Aim: a worm You throw a stone.
The stone hits the worm but does no damage.
Aim: a worm You throw a stone.
The stone hits the worm.
Aim: a worm (lightly wounded)
You throw a stone. The stone barely misses the worm.
Aim: a worm (lightly wounded)
You throw a stone.
The stone hits the worm but does no damage.
You thump the worm! The worm bites you but does no damage.
You barely miss the worm. The worm completely misses you.
You sock the worm!
You kill the worm!
No target in view!
You butcher the worm corpse.
l - 5 chunks of flesh {@w0} (gained 3)
h - 14 stones (gained 1)
h - 17 stones (gained 3)
h - 18 stones (gained 1)
You see here 4 tomahawks.
You open the door.
There is an open door here.
Some of the chunks of flesh in your inventory have rotted away.
A quokka and a worm come into view.
The quokka twitches its whiskers.
Aim: a worm You throw a stone.
The stone hits the worm.
You completely miss the worm. The worm bites you but does no damage.
You sock the worm! You block the worm's attack.
You hit the worm but do no damage. You sock the worm!
You kill the worm!
The quokka bites you but does no damage.
You hit the quokka.
You kill the quokka!
No target in view!
You butcher the quokka corpse.
l - 5 chunks of flesh {@w0} (gained 2)
You see here a quokka skeleton. x2
h - 18 stones (gained 1)
You see here a robe.
You now have 107 gold pieces (gained 14).
You now have 122 gold pieces (gained 15).
You now have 135 gold pieces (gained 13).
Eating one of 5 chunks of flesh {@w0}.
You eat one of the 5 chunks of flesh {@w0}.
Some of the chunks of flesh in your inventory have rotted away.
Sigmund the Dreaded comes into view.
He is wielding a scythe.
Sigmund casts a spell at you. You resist with some effort.
You barely miss Sigmund. Sigmund barely misses you.
You closely miss Sigmund. You block Sigmund's attack.
You hit Sigmund.
Sigmund drinks a potion.
Sigmund suddenly seems more agile.
You closely miss Sigmund. Sigmund gestures at you while chanting.
The magic dart hits you!
You take 2 damage, and have 27/29 hp.
You miss Sigmund. Sigmund hits you with a scythe.
You take 6 damage, and have 21/29 hp.
MASSIVE DAMAGE!!
You sock Sigmund! You block Sigmund's attack.
Your shield prevents you from hitting Sigmund.
You block Sigmund's attack.
You hit Sigmund. Sigmund gestures at you while chanting.
You are confused.
Sigmund points at you and mumbles some strange words.
You are more confused.
You bump into the rock wall.
Sigmund hits you but does no damage.
You're too confused to move!
Sigmund hits you but does no damage.
Sigmund hits you from afar with a scythe.
You take 1 damage, and have 21/29 hp.
Sigmund hits you but does no damage.
You bump into the rock wall.
Sigmund mumbles some strange words.
Sigmund flickers and vanishes!
Deactivating autopickup; reactivate with Ctrl-A.
You hear some strange, mumbled words.
Something tries to affect you, but you resist.
You bump into the rock wall.
You hear some strange, mumbled words.
A magic dart appears from out of thin air!
The magic dart hits you!
You take 10 damage, and have 11/29 hp.
MASSIVE DAMAGE!!
You miss something. Something hits you.
* * * LOW HITPOINT WARNING * * *
You take 6 damage, and have 5/29 hp.
MASSIVE DAMAGE!!
You bump into the rock wall.
You hear some strange, mumbled words.
You are more confused.
You completely miss something. Something hits you but does no damage.
You closely miss something. Something hits you!
You die...

#+# #.# #
#########.#######
#......##.##.....
#.####.#...#.###. #.#
#.......# #. #.#
#.#...#.###.
#.###.####.##.##.##..
#..{@...##.#####.##..
#####.#!.............
#.####.#####..... #..
..# ###### #### ##


There were no monsters in sight!

Vanquished Creatures
  Robin (D:1)
  An adder (D:2)
  An ooze (D:2)
  5 dart slugs
  3 worms (D:2)
  6 giant cockroaches
  12 goblins
  8 hobgoblins
  3 jackals (D:1)
  A quokka (D:2)
  3 bats
  4 frilled lizards (D:1)
  5 kobolds
  5 rats
58 creatures vanquished.

Vanquished Creatures (others)
  9 toadstools (D:2)
9 creatures vanquished.

Grand Total: 67 creatures vanquished

Notes
Turn   | Place    | Note
-------+----------+-------------------------------------------
     0 | D:1      | Firecrotchwizard the Gargoyle Fighter began the quest for the Orb.
     0 | D:1      | Reached XP level 1. HP: 14/14 MP: 1/1
   123 | D:1      | Reached XP level 2. HP: 19/19 MP: 2/2
   262 | D:1      | Reached XP level 3. HP: 23/23 MP: 3/3
   832 | D:1      | Found a sparkling altar of Nemelex Xobeh.
  1015 | D:2      | Noticed Robin
  1048 | D:2      | Reached skill level 3 in Maces & Flails
  1065 | D:1      | Killed Robin
  1065 | D:1      | Reached XP level 4. HP: 26/29 MP: 4/4
  1562 | D:2      | Found a sacrificial altar of Ru.
  1784 | D:2      | Found a runed door.
  1869 | D:2      | Noticed Sigmund
  1889 | D:2      | HP: 5/29 [something (6)]
  1892 | D:2      | Slain by Sigmund

Vault maps used:
D:1:      dpeg_arrival_water_altar, minmay_pentomino_s2
D:2:      cheibrodos_fertilizer, nicolae_ru_sacrificial_ziggurat, first_ration,
          uniq_sigmund, uniq_robin, uniq_crazy_yiuf_cottage

Skill      XL: |  1  2  3 |
---------------+----------+-----
Maces & Flails | 3 |  3.3
Fighting       | |  3.9
Armour         | |  3.9
Shields        | |  3.9

Action                   |  1- 3 |  4- 6 || total
-------------------------+-------+-------++-------
Melee: Flail             |   138 |    61 ||   199
Throw: Stone             |    61 |    37 ||    98
  Eat: Chunk             |     1 |     3 ||     4
Armor: Scale mail        |    57 |    23 ||    80
Dodge: Dodged            |    34 |    14 ||    48
Block: Shield            |    58 |    21 ||    79

Table legend:
 A = Spawn XP
 B = Non-spawn XP
 C = Spawn XP percentage of total XP
 D = Spawn monster count
 E = Non-spawn monster count
 F = Spawn count percentage of total count
 G = Total turns spent on level
                    A         B        C        D         E        F      G
               +---------+---------+-------+---------+---------+-------+---------
         Total |       0 |     146 |   0.0 |       0 |      58 |   0.0 |  1892
               +---------+---------+-------+---------+---------+-------+---------
           D:1 |       0 |      69 |   0.0 |       0 |      30 |   0.0 |   992
           D:2 |       0 |      77 |   0.0 |       0 |      28 |   0.0 |   900
               +---------+---------+-------+---------+---------+-------+---------

Vault maps used:
D:1:      dpeg_arrival_water_altar, minmay_pentomino_s2
D:2:      cheibrodos_fertilizer, nicolae_ru_sacrificial_ziggurat, first_ration,
          uniq_sigmund, uniq_robin, uniq_crazy_yiuf_cottage

Table legend:
 A = Turns spent in this place as a percentage of turns spent in the entire game.
 B = Non-inter-level travel turns spent in this place as a percentage of non-inter-level travel turns spent in the entire game.
 C = Inter-level travel turns spent in this place as a percentage of turns spent in this place.
 D = Turns resting spent in this place as a percentage of non-inter-level travel turns spent in this place.
 E = Turns spent auto-exploring this place as a percentage of non-inter-level travel turns spent in this place.
 F = Non-inter-level travel turns spent in this place divided by the number of levels of this place that you've seen.
                   A       B       C       D       E      F
               +-------+-------+-------+-------+-------+----------------------
         Total | 100.0 | 100.0 |   0.3 |  10.1 |  65.7 | 943.0
       Dungeon | 100.0 | 100.0 |   0.3 |  10.1 |  65.7 | 943.0
               +-------+-------+-------+-------+-------+----------------------

Table legend:
 A = Kills in this place as a percentage of kills in entire the game.
 B = Kills by you in this place as a percentage of kills by you in the entire game.
 C = Kills by friends in this place as a percentage of kills by friends in the entire game.
 D = Other kills in this place as a percentage of other kills in the entire game.
 E = Experience gained in this place as a percentage of experience gained in the entire game.
 F = Experience gained in this place divided by the number of levels of this place that you have seen.
                   A       B       C       D       E      F
               +-------+-------+-------+-------+-------+----------------------
         Total | 100.0 | 100.0 |   N/A |   N/A | 100.0 |  73.0
       Dungeon | 100.0 | 100.0 |   N/A |   N/A | 100.0 |  73.0
               +-------+-------+-------+-------+-------+----------------------
